 Dungeon Crawl Stone Soup version 0.28-a0-1227-ga9037bb4c8 (webtiles) character file.

Game seed: 11647236098510757108

17 sudoninja the Skirmisher (level 2, 0/25 (33) HPs)
             Began as an Ogre Berserker on Dec 22, 2021.
             Was a Follower of Trog.
             Slain by a bat (1 damage)
             ... on level 1 of the Dungeon.
             The game lasted 00:02:37 (250 turns).

sudoninja the Skirmisher (Ogre Berserker)            Turns: 250, Time: 00:02:38

HP:   0/25 (33)     AC:  3    Str: 20    XL:     2   Next: 62%
MP:   2/2           EV: 10    Int:  8    God:    Trog [*.....]
Gold: 37            SH:  0    Dex:  8    Spells: 1/1 levels left

rFire   . . .      SeeInvis .     - Unarmed
rCold   . . .      Faith    .   (no shield)
rNeg    . . .      Spirit   .   a - +0 animal skin
rPois   .          Reflect  .   (helmet restricted)
rElec   .          Harm     .   (no cloak)
rCorr   .          Rampage  .   (gloves unavailable)
Will    .....                   (boots unavailable)
Stlth   +.........              (no amulet)
HPRegen 0.08/turn               (no ring)
MPRegen 0.08/turn               (no ring)

@: on berserk cooldown, slowed, heavily drained, very slow
A: large, unfitting armour, tough skin 1
a: Renounce Religion, Berserk


You were on level 1 of the Dungeon.
You worshipped Trog.
Trog was aware of your devotion.
You visited 1 branch of the dungeon, and saw 1 of its levels.

You collected 37 gold pieces.

Inventory:

Armour
 a - a +0 animal skin (worn)


   Skills:
 + Level 4.3 Fighting
 + Level 3.0 Dodging
 + Level 3.0 Unarmed Combat


You had one spell level left.
You didn't know any spells.
Your spell library was empty.

Dungeon Overview and Level Annotations

Branches:
Dungeon (1/15)

Altars:

Shops:
D:1 [


Innate Abilities, Weirdness & Mutations

You are too large for most types of armour.
You have tough skin. (AC +1)


Message History

You feel drained.
You hit the bat.
The bat is heavily wounded.
The bat hits you but does no damage. The quokka bites you.
The goblin hits you with a +2 dagger of draining.
* * * LOW HITPOINT WARNING * * *
You feel drained.
* * * LOW HITPOINT WARNING * * *
The quokka bites you but does no damage.
The bat closely misses you.
You completely miss the bat.
The bat is heavily wounded.
The bat hits you but does no damage. The bat barely misses you.
The quokka barely misses you.
The goblin hits you with a +2 dagger of draining.
* * * LOW HITPOINT WARNING * * *
You feel drained. The quokka closely misses you.
The goblin hits you with a +2 dagger of draining.
* * * LOW HITPOINT WARNING * * *
You feel drained.
Unknown command.
Unknown command.
Unknown command.
You completely miss the bat.
The bat is heavily wounded.
The bat hits you but does no damage. The quokka misses you.
The goblin closely misses you. The quokka bites you.
* * * LOW HITPOINT WARNING * * *
You completely miss the bat.
The bat is heavily wounded.
The bat hits you but does no damage. The goblin hits you but does no damage.
You feel drained. The bat hits you but does no damage.
The quokka barely misses you.
The goblin hits you with a +2 dagger of draining.
* * * LOW HITPOINT WARNING * * *
You feel drained.
You miss the bat.
The bat is heavily wounded.
The bat hits you.
You die...

.... ....
.....>.>....
............
♣♣♣.♣#.#.#.....
#####♣P.. ..........
.......P♣ #.........
.....♣..♣ #.........
.....♣b@♣♣#..(......
.......r.g......♣
.........†.#......#
...........#....♣.♣
...#+##....#......#
## #....#....♣.♣
#....#........
#)##.#.#+#♣.♣##
#.##.#.# ##


You could see a quokka, a goblin and a bat.

Vanquished Creatures
  2 dart slugs (D:1)
  A ball python (D:1)
  A bat (D:1)
  A goblin (D:1)
  A hobgoblin (D:1)
  3 jackals (D:1)
  A frilled lizard (D:1)
  2 rats (D:1)
12 creatures vanquished.

Notes
Turn   | Place    | Note
-------+----------+-------------------------------------------
     0 | D:1      | sudoninja the Ogre Berserker began the quest for the Orb.
     0 | D:1      | Reached XP level 1. HP: 24/24 MP: 1/1
    30 | D:1      | Reached XP level 2. HP: 26/32 MP: 2/2
    33 | D:1      | Found Zovul's Antique Armour Shoppe.
   249 | D:1      | HP: 1/26 [goblin (1)]
   250 | D:1      | Slain by a bat

Illustrated notes

Levels and vault maps discovered:
D:1:      scummos_arrival_checkerplants, layout_basic, serial_shops,
          nicolae_shop_statue_plus, shop, nicolae_lakefront_shop, shop_statue,
          hellmonk_ecumenical_altar_blasted, serial_forest,
          infiniplex_forest_lined_2, infiniplex_forest_zigzag_2,
          infiniplex_forest_corner_1, infiniplex_forest_zigzag_2,
          infiniplex_forest_lined_2, infiniplex_forest_clump_diagonal,
          infiniplex_forest_lined_2

Skill      XL: |  1  2 |
---------------+-------+-----
Unarmed Combat | 3 |  3.0
Dodging        | 3 |  3.0
Fighting       | |  4.3

Action                   || total
-------------------------++-------
Melee: Unarmed           ||    39
       Punch             ||     1
Invok: Berserk           ||     2
  Use: Potion            ||     1
Armor: Animal skin       ||    31
Dodge: Dodged            ||    49

Table legend: (Time is in decaauts)
 A = Elapsed time spent in this place.
 B = Non-inter-level travel time spent in this place.
 C = Inter-level travel time spent in this place.
 D = Time resting spent in this place.
 E = Time spent auto-exploring this place.
 F = Levels seen in this place.
 G = Mean time per level.
                   A        B        C        D        E       F      G
               +--------+--------+--------+--------+--------+-----+--------+
         Total |    257 |    257 |      0 |      0 |    167 |   1 |  257.0 |
       Dungeon |    257 |    257 |      0 |      0 |    167 |   1 |  257.0 |
               +--------+--------+--------+--------+--------+-----+--------+

Top non-repeatable levels by time:
     D:1: 257 daAuts
